AoeStats
← JUST GIVE UP784

Arabia

504547684Analyzed
1v1 RM · 26d ago on Sep 5, 2026· 31m 18s· 2 players
Game mode
Random Map
Map size
Tiny (2 player)
Population
200
Speed
Normal
Resources
Standard
Victory
Conquest
Starting age
Dark Age
Ending age
Imperial Age
RankedLock teamsTeams togetherTeam positionsShared explorationLock speedFull tech treeHidden civsTurbo modeCheats
Victory
Defeat
🇦🇷 Vietnamese · Argentina
329
+14
🇫🇷 Berbers · France
276
-14
JUST GIVE UP784
14:04 Feudal Age
12:20 Loom
15:14 Town Watch
19:13 Wheelbarrow
24:25 Man-at-Arms
28:22 Double-Bit Axe
28:49 Padded Archer Armor
28:39 Fletching
28:51 Scale Mail Armor
29:02 Forging
SaveBook
12:21 Feudal Age
13:01 Horse Collar
13:10 Double-Bit Axe
14:39 Wheelbarrow
15:19 Gold Mining
15:27 Stone Mining
16:23 Town Watch
16:30 Arson
23:37 Castle Age
21:57 Padded Archer Armor
21:48 Fletching
22:08 Forging
21:58 Scale Mail Armor
22:04 Scale Barding Armor
24:35 Pikeman
25:16 Squires
24:42 Elite Skirmisher
26:11 Iron Casting
25:51 Chain Mail Armor
25:41 Scale Barding Armor
26:27 Bow Saw
26:25 Heavy Plow
27:48 Stone Shaft Mining
28:42 Bodkin Arrow
30:14 Leather Archer Armor
31:17 Scale Barding Armor
32:05 Hand Cart
Connection lost

Rejoining the realm…

Still unreachable

The connection could not be restored.

Session expired

The server has moved on; the page needs a fresh start.